 Dungeon Crawl Stone Soup version 0.32-a0-485-g70f7560b1c (webtiles) character file.

Game seed: 13605838332748311485

180 cforsyth the Chopper (level 5, -2/61 HPs)
             Began as a Coglin Gladiator on Feb 27, 2024.
             Slain by a gnoll bouda
             ... wielding a +0 whip
              (4 damage)
             ... on level 4 of the Dungeon.
             The game lasted 00:04:59 (2321 turns).

cforsyth the Chopper (Coglin Gladiator)             Turns: 2321, Time: 00:05:00

Health: -2/61      AC: 22    Str: 16    XL:     5   Next: 60%
Magic:  5/5        EV:  2    Int:  7    God:
Gold:   102        SH:  0    Dex: 16    Spells: 4/4 levels left

rFire   . . .        a - +0 war axe {Yuina}
rCold   . . .        m - +0 hand axe {Yawen}
rNeg    . . .        n - melded +0 scale mail
rPois   +            c - melded +0 helmet
rElec   .            (cloak currently unavailable)
rCorr   .            (gloves currently unavailable)
SInv    .            (boots currently unavailable)
Will    .....        (no amulet)
Stlth   +            (no ring)
HPRegen 0.30/turn    (no ring)
MPRegen 0.09/turn

%: no passive effects
@: tree-form (expiring), revved
A: stationary, stasis, torment immunity, boosted hp, off-hand wielding, slow
wielding, warmup strikes, (no rings)
a: no special abilities


You were on level 4 of the Dungeon.
You were a tree.
You visited 1 branch of the dungeon, and saw 4 of its levels.

You collected 172 gold pieces.
You spent 70 gold pieces at shops.


Innate Abilities, Weirdness & Mutations

You are a tree.
Your roots penetrate the ground, keeping you stationary.
You cannot be teleported.
You are immune to unholy pain and torment.
Your maximum health is greatly increased.
Your equipment is partially melded.
You can wield a second weapon in your off-hand.
It takes a long time for you to wield or remove held weapons.
Your first few attacks do less damage.
((Your grasper-arms cannot wear rings.))


   Skills:
 + Level 3.6 Fighting
 + Level 4.2 Axes
 - Level 1.7 Throwing
 + Level 2.4 Armour
 - Level 2.6 Dodging


You had 4 spell levels left.
You didn't know any spells.
Your spell library contained the following spells:

 Spells                   Type           Power      Damage    Failure   Level
 Apportation              Tloc           0%         N/A       43%         1
 Necrotise                Necr           0%         1d4       43%         1
 Shock                    Conj/Air       0%         1d3       43%         1
 Sting                    Conj/Alch      0%         1d3       43%         1
 Summon Small Mammal      Summ           0%         N/A       43%         1
 Mercury Vapours          Alch/Air       0%         N/A       56%         2
 Mephitic Cloud           Conj/Alch/Air  0%         N/A       80%         3
 Swiftness                Air            0%         N/A       80%         3
 Airstrike                Air            0%         2d(0-16)  99%         4
 Freezing Cloud           Conj/Ice/Air   0%         6-21      100%        5

Inventory:

Hand Weapons
 a - a +0 war axe (weapon) {Yuina}
 m - a +0 hand axe (offhand) {Yawen}
Missiles
 d - 2 throwing nets (quivered) {=f}
 e - a javelin
Armour
 b - a +0 leather armour
 c - a +0 helmet (melded)
 n - a +0 scale mail (melded)
Jewellery
 g - an amulet of faith {!P}
Scrolls
 h - 3 scrolls of identify {@r1}
Potions
 f - a potion of lignification
 k - a potion of curing {@q1}
 p - a potion of degeneration

Dungeon Overview and Level Annotations

Branches:
Dungeon (4/15)
 Temple: D:4-7

Altars:

Shops:
D:2 !

Annotations:
D:2 1 runed translucent door, Crazy Yiuf
D:4 1 transporter, eruonna's ghost, amateur TrSh

# ###> ....###
.......##
.).....o######.#
▒▒▒▒▒..gg♣.....#
...J▒▒.g########
.▒..ß▒..# ..▒.W▒..#
....S▒..###
©....▒©..g# #
..[..▒..#.#######...
..▒..▒..#g#.......o.
.▒..ß▒..#.........#


You could see a gnoll bouda, eruonna's ghost, 2 gnolls, an orc, an endoplasm and
a ball python.


Message History

* * * LOW HITPOINT WARNING * * *
The gnoll hits you but does no damage.
Unknown command.
Unknown command.
You aren't carrying any items that you can evoke.
You feel much better.
The gnoll hits you from afar with a +0 halberd!
* * * LOW HITPOINT WARNING * * *
The gnoll bouda hits you with a +0 whip.
* * * LOW HITPOINT WARNING * * *
The gnoll hits you but does no damage.
You closely miss the gnoll bouda with your +0 hand axe.
You hit the gnoll bouda but do no damage.
The gnoll hits you from afar with a +0 halberd.
* * * LOW HITPOINT WARNING * * *
The gnoll bouda hits you but does no damage.
The gnoll hits you but does no damage.
You hit the gnoll bouda with your +0 war axe.
The gnoll bouda is moderately wounded.
You hit the gnoll bouda with your +0 hand axe.
The gnoll hits you but does no damage.
The gnoll bouda hits you but does no damage.
The gnoll hits you but does no damage.
The gnoll hits you from afar with a +0 halberd!
* * * LOW HITPOINT WARNING * * *
You hit the gnoll bouda with your +0 hand axe.
The gnoll bouda is heavily wounded.
You hit the gnoll bouda with your +0 war axe.
The gnoll bouda hits you with a +0 whip.
You die...

Skill      XL: |  1  2  3  4 |
---------------+-------------+-----
Armour         | 1 2 |  2.4
Fighting       | 3 |  3.6
Axes           | 4 |  4.2
Throwing       | |  1.7
Dodging        | |  2.6

Action                     |  1- 3 |  4- 6 || total
---------------------------+-------+-------++-------
  Melee: War axe           |   108 |    31 ||   139
         Hand axe          |     5 |    31 ||    36
  Throw: Throwing net      |     1 |       ||     1
    Use: Scroll            |       |     5 ||     5
         Potion            |       |     4 ||     4
   Stab: Sleeping          |     3 |       ||     3
 Armour: Leather armour    |    63 |       ||    63
         Scale mail        |     3 |    21 ||    24
         Skin              |       |    37 ||    37
  Dodge: Dodged            |    92 |    17 ||   109

Levels and vault maps discovered:
D:1:      nzn_arrival_water_spiral, layout_loops_ring, hex_large
D:2:      layout_loops_corners, serial_shops, shop, grunt_decor_clamped,
          minivault_23, uniq_crazy_yiuf_cottage
D:3:      layout_rooms, hellmonk_no_cap
D:4:      layout_loops_ring, minmay_temple_entry_offerings,
          gammafunk_ghost_arena, cheibrodos_sewer_entry_bend,
          kennysheep_generic_room_14, uniq_pikel

Notes
Turn   | Place    | Note
-------+----------+-------------------------------------------
     0 | D:1      | cforsyth the Coglin Gladiator began the quest for the Orb.
     0 | D:1      | Reached XP level 1. HP: 16/16 MP: 1/1
   194 | D:1      | Reached XP level 2. HP: 20/22 MP: 2/2
   327 | D:1      | Reached skill level 1 in Armour
   430 | D:1      | Reached XP level 3. HP: 21/28 MP: 3/3
  1006 | D:2      | Identified the +6 sling "Hichen" {drain, rElec}
  1111 | D:2      | Found Cites's Distillery.
  1121 | D:2      | Bought a potion of heal wounds for 70 gold pieces
  1291 | D:2      | Found a runed translucent door.
  1292 | D:2      | Noticed Crazy Yiuf
  1824 | D:3      | Reached XP level 4. HP: 31/34 MP: 4/4
  1901 | D:3      | Reached skill level 3 in Fighting
  1905 | D:3      | Reached skill level 2 in Armour
  2026 | D:3      | Reached skill level 4 in Axes
  2026 | D:3      | Reached XP level 5. HP: 40/41 MP: 5/5
  2300 | D:4      | Found a transporter.
  2300 | D:4      | Noticed eruonna's ghost (amateur TrSh)
  2317 | D:4      | HP: 3/61 [gnoll/+0 halberd[a gnoll bouda] (5)]
  2321 | D:4      | Slain by a gnoll bouda

Vanquished Creatures
  A hound (D:3)
  2 sleepcaps (D:3)
  2 gnolls (D:4)
  2 dart slugs
  6 orcs (D:3)
  5 endoplasms
  6 giant cockroaches
  5 hobgoblins
  4 jackals (D:3)
  2 kobolds (D:2)
  5 quokkas
  5 ball pythons
  6 bats
  7 frilled lizards
  2 goblins
  2 rats
62 creatures vanquished.

Table legend: (Time is in decaauts)
 A = Elapsed time spent in this place.
 B = Non-inter-level travel time spent in this place.
 C = Inter-level travel time spent in this place.
 D = Time resting spent in this place.
 E = Time spent auto-exploring this place.
 F = Levels seen in this place.
 G = Mean time per level.
                   A        B        C        D        E       F      G
               +--------+--------+--------+--------+--------+-----+--------+
         Total |   2378 |   2239 |    139 |      0 |   1765 |   4 |  594.5 |
       Dungeon |   2378 |   2239 |    139 |      0 |   1765 |   4 |  594.5 |
               +--------+--------+--------+--------+--------+-----+--------+

Top non-repeatable levels by time:
     D:2: 1107 daAuts
     D:1: 728 daAuts
     D:3: 511 daAuts
     D:4: 31 daAuts

Table legend:
 A = Non-vault XP
 B = Vault XP
 C = Vault XP percentage of total XP
 D = Non-vault monster count
 E = Vault monster count
 F = Vault count percentage of total count
                 A         B        C        D         E       F
            +---------+---------+-------+---------+---------+-------
      Total |     181 |      77 |  29.8 |      60 |       2 |   3.2
            +---------+---------+-------+---------+---------+-------
        D:1 |      34 |       0 |   0.0 |      21 |       0 |   0.0
        D:2 |      35 |       0 |   0.0 |      18 |       0 |   0.0
        D:3 |      83 |      77 |  48.1 |      19 |       2 |   9.5
        D:4 |      29 |       0 |   0.0 |       2 |       0 |   0.0
            +---------+---------+-------+---------+---------+-------
